 Dungeon Crawl Stone Soup version 0.30-a0-331-g8ab09dc110 (webtiles) character file.

Game seed: 13981419871685051576

130 tgiblernsday the Chopper (level 5, -4/46 HPs)
             Began as a Hill Orc Fighter on Oct 29, 2022.
             Was an Initiate of Trog.
             Succumbed to an orc wizard's poison
             ... on level 3 of the Dungeon.
             The game lasted 00:08:40 (2004 turns).

tgiblernsday the Chopper (Hill Orc Fighter)         Turns: 2004, Time: 00:08:41

Health: -4/46      AC: 13    Str: 21    XL:     5   Next: 14%
Magic:  5/5        EV:  5    Int:  8    God:    Trog [......]
Gold:   159        SH:  4    Dex: 10    Spells: 4/4 levels left

rFire   . . .      SeeInvis .    a - +0 war axe
rCold   . . .      Faith    .    c - +0 buckler
rNeg    . . .      Spirit   .    k - +0 plate armour
rPois   .          Reflect  .    (no helmet)
rElec   .          Harm     .    i - +0 cloak
rCorr   .          Rampage  .    (no gloves)
Will    .....                    (no boots)
Stlth   ..........               (no amulet)
HPRegen 0.27/turn                (no ring)
MPRegen 0.09/turn                (no ring)

@: lethally poisoned (-4 -> -21)
A: no striking features
a: Renounce Religion


You were on level 3 of the Dungeon.
You worshipped Trog.
Trog was noncommittal.
You visited 1 branch of the dungeon, and saw 3 of its levels.

You collected 159 gold pieces.

Inventory:

Hand Weapons
 a - a +0 war axe (weapon)
Missiles
 j - 10 stones (quivered)
Armour
 c - a +0 buckler (worn)
 i - a +0 cloak (worn)
 k - a +0 plate armour (worn)
Scrolls
 b - a scroll of amnesia {unknown}
 e - a scroll of blinking {unknown}
 h - 2 scrolls of identify
Potions
 d - a potion of might
 f - 2 potions of haste


   Skills:
 + Level 4.2 Fighting
 + Level 4.8 Axes
 + Level 0.4 Throwing
 + Level 4.2 Armour
 + Level 3.8 Shields


You had 4 spell levels left.
You didn't know any spells.
Your spell library contained the following spells:

 Spells                   Type           Power      Damage    Failure   Level
 Cigotuvi's Dreadful Rot  Necr/Pois/Air  0%         N/A       100%        2
 Dispel Undead            Necr           0%         3d6       100%        4
 Death Channel            Necr           0%         N/A       100%        6


Dungeon Overview and Level Annotations

Branches:
Dungeon (3/15)

Altars:
Nemelex Xobeh
Trog
Uskayaw


Message History

You slash the orc!
You kill the orc!
Trog accepts your kill.
You hear the rusting of a very distant drain.
Items here: ( ))))))) [[[[[ †††††.
An orc comes into view.
It is wielding a +2 short sword of holy wrath.
The orc shouts!
You closely miss something. Something hits you but does no damage.
You are poisoned.
You feel sick.
Items here: ( ))))))) [[[[[ †††††.
Something hits you.
You are more poisoned.
You feel very sick.
You feel very sick.
You miss something.
You feel very sick. Something hits you.
You are more poisoned.
Something hits you but does no damage.
You are lethally poisoned!
You hit something.
* * * LOW HITPOINT WARNING * * *
You feel extremely sick. Something hits you but does no damage.
You are more poisoned.
You slash something! Trog accepts your kill.
Trog appreciates your killing of a magic user.
Reactivating autopickup.
You feel a bit more experienced.
* * * LOW HITPOINT WARNING * * *
You feel extremely sick.
The orc hits you with a +2 short sword of holy wrath.
* * * LOW HITPOINT WARNING * * *
You have reached level 5!
You feel stronger.
You slash the orc!
You kill the orc!
Trog accepts your kill.
You die...

##.## #.# #.# ### #.# #..
#.# #.# #.# #.# # ##.#
#.####..#
##..##########........
#.........@)).....!.(.
#...##########.†##..##
#.)......... ...#
#...##########.## ..##
#.#.##########.###..>##
#.#.##................##.
#.#....≈≈≈≈≈≈≈≈≈........#
#.#.#..≈.......≈.......
#...#..≈.≈≈≈≈≈.≈.#...


There were no monsters in sight!

Vanquished Creatures
  An orc priest (D:3)
  An orc wizard (D:3)
  2 adders (D:2)
  7 orcs (D:3)
  6 ball pythons
  4 endoplasms
  A giant cockroach (D:3)
  7 goblins
  3 hobgoblins (D:3)
  3 jackals (D:2)
  3 kobolds
  2 quokkas (D:2)
  6 bats
  3 frilled lizards
  A rat (D:2)
50 creatures vanquished.

Notes
Turn   | Place    | Note
-------+----------+-------------------------------------------
     0 | D:1      | tgiblernsday the Hill Orc Fighter began the quest for the
                  | Orb.
     0 | D:1      | Reached XP level 1. HP: 19/19 MP: 1/1
   188 | D:1      | Reached XP level 2. HP: 22/27 MP: 2/2
   769 | D:2      | Reached XP level 3. HP: 33/33 MP: 3/3
  1460 | D:2      | Found a bloodstained altar of Trog.
  1467 | D:2      | Became a worshipper of Trog the Wrathful
  1706 | D:3      | Found a sparkling altar of Nemelex Xobeh.
  1712 | D:3      | Reached XP level 4. HP: 36/40 MP: 4/4
  1715 | D:3      | Found a hide-covered altar of Uskayaw.
  2003 | D:3      | HP: 1/40 [orc/+2 short sword of holy wrath (4)]
  2004 | D:3      | Reached XP level 5. HP: 2/46 MP: 5/5
  2004 | D:3      | Succumbed to an orc wizard's poison

Illustrated notes

Levels and vault maps discovered:
D:1:      minmay_arrival_three_doors, layout_basic, hangedman_decor_push
D:2:      layout_basic, basic_altar
D:3:      layout_loops_ring, slow_altar_1, mainiacjoe_overflow_catwalk_spiral,
          shapermc_ecumenical_altar_mp_vishouse, lightli_sewer_entry_pipes,
          minmay_misc_feat_hallway, kennysheep_generic_room_14

Skill      XL: |  1  2  3  4 |
---------------+-------------+-----
Axes           | 3 4 |  4.8
Fighting       | 4 |  4.2
Armour         | 4 |  4.2
Throwing       | |  0.4
Shields        | |  3.8

Action                   |  1- 3 |  4- 6 || total
-------------------------+-------+-------++-------
Melee: War axe           |   108 |    45 ||   153
Throw: Stone             |    21 |       ||    21
  Use: Scroll            |       |     4 ||     4
Armor: Scale mail        |    18 |       ||    18
       Chain mail        |    24 |       ||    24
       Plate armour      |    33 |    29 ||    62
Dodge: Dodged            |    44 |     7 ||    51
Block: Buckler           |    17 |    10 ||    27

Table legend: (Time is in decaauts)
 A = Elapsed time spent in this place.
 B = Non-inter-level travel time spent in this place.
 C = Inter-level travel time spent in this place.
 D = Time resting spent in this place.
 E = Time spent auto-exploring this place.
 F = Levels seen in this place.
 G = Mean time per level.
                   A        B        C        D        E       F      G
               +--------+--------+--------+--------+--------+-----+--------+
         Total |   2065 |   1920 |    145 |     75 |   1275 |   3 |  688.3 |
       Dungeon |   2065 |   1920 |    145 |     75 |   1275 |   3 |  688.3 |
               +--------+--------+--------+--------+--------+-----+--------+

Top non-repeatable levels by time:
     D:2: 982 daAuts
     D:1: 768 daAuts
     D:3: 314 daAuts
